 Seeded DCSS version 0.29-a0-653-gd47aff6735 (webtiles) character file.

Game seed: 10802498693541890562 (custom seed)

130 wilfster70 the Firebug (level 5, 0/37 HPs)
             Began as a Gnoll Fire Elementalist on June 21, 2022.
             Succumbed to an adder's poison
             ... in a sewer.
             The game lasted 00:07:22 (2626 turns).

wilfster70 the Firebug (Gnoll Fire Elementalist)    Turns: 2626, Time: 00:07:22

Health: 0/37       AC:  6    Str:  7    XL:     5   Next: 14%
Magic:  11/12      EV: 13    Int: 17    God:
Gold:   130        SH:  0    Dex: 10    Spells: 7/14 levels left

rFire   + + +      SeeInvis .   a - +0 spear
rCold   . . .      Faith    .   (no shield)
rNeg    . . .      Spirit   .   f - +0 robe
rPois   .          Reflect  .   (no helmet)
rElec   .          Harm     .   (no cloak)
rCorr   +          Rampage  .   (no gloves)
Will    .....                   (no boots)
Stlth   +.........              (no amulet)
HPRegen 0.12/turn               d - ring "Fosek" {rF+++ rCorr AC+4 Dex-2 Stlth-}
MPRegen 0.13/turn               (no ring)

@: brilliant, lethally poisoned (0 -> -1), hasted, very quick
A: fangs 1, strong nose, distributed training
a: no special abilities


You were in a sewer.
You visited 1 branch of the dungeon, and saw 3 of its levels.
You also visited: Sewer.

You collected 130 gold pieces.

Inventory:

Hand Weapons
 a - a +0 spear (weapon)
Missiles
 q - 3 atropa-tipped darts
Armour
 f - a +0 robe (worn)
Jewellery
 d - the ring "Fosek" (left hand) {rF+++ rCorr AC+4 Dex-2 Stlth-}
   (You acquired it on level 1 of the Dungeon)

   [ring of protection]

   AC:        It affects your AC (+4).
   Dex:       It affects your dexterity (-2).
   rF:        It renders you almost immune to fire.
   rCorr:     It protects you from acid and corrosion.
   Stlth:     It makes you less stealthy.
Scrolls
 e - a scroll of fog {unknown}
 g - a scroll of enchant armour {unknown}
 i - a scroll of identify {unknown}
 j - a scroll of noise {unknown}
 l - a scroll of brand weapon {unknown}
 m - 2 scrolls of teleportation {unknown}
 n - a scroll of fear {unknown}
 o - a scroll of poison {unknown}
 r - a scroll of enchant weapon {unknown}
Potions
 b - a potion of magic
 c - a potion of degeneration {unknown}
 h - a potion of berserk rage {unknown}


   Skills:
 + Level 1.4 Fighting
 + Level 1.4 Short Blades
 + Level 1.4 Long Blades
 + Level 1.4 Axes
 + Level 1.4 Maces & Flails
 + Level 1.4 Polearms
 + Level 1.4 Staves
 + Level 1.4 Slings
 + Level 1.4 Bows
 + Level 1.4 Crossbows
 + Level 1.4 Throwing
 + Level 1.4 Armour
 + Level 4.7 Dodging
 + Level 4.3 Stealth
 + Level 1.4 Shields
 + Level 1.4 Unarmed Combat
 + Level 5.1 Spellcasting
 + Level 2.3 Conjurations
 + Level 1.1 Hexes
 + Level 1.1 Summonings
 + Level 1.1 Necromancy
 + Level 1.1 Translocations
 + Level 1.1 Transmutations
 + Level 5.5 Fire Magic
 + Level 1.1 Ice Magic
 + Level 1.1 Air Magic
 + Level 1.1 Earth Magic
 + Level 1.1 Poison Magic
 + Level 1.5 Invocations
 + Level 1.4 Evocations


You had 7 spell levels left.
You knew the following spells:

 Your Spells              Type           Power      Damage    Failure   Level
a - Foxfire               Conj/Fire      100%       2x1d9     2%          1
b - Scorch                Fire           68%        2d8       2%          2
c - Sticky Flame          Conj/Fire      26%        2d5       26%         4

Your spell library contained the following spells:

 Spells                   Type           Power      Damage    Failure   Level
 Conjure Flame            Conj/Fire      26%        6-21      9%          3
 Static Discharge         Conj/Air       15%        N/A       11%         2
 Inner Flame              Hex/Fire       23%        N/A       11%         3
 Flame Wave               Conj/Fire      26%        2d7       26%         4
 Dispel Undead            Necr           12%        3d9       65%         4
 Freezing Cloud           Conj/Ice/Air   7%         6-21      90%         5
 Simulacrum               Ice/Necr       6%         N/A       100%        6
 Polar Vortex             Ice            6%         N/A       100%        9


Dungeon Overview and Level Annotations

Branches:
Dungeon (3/15)              Sewer (1/1)

Altars:


Innate Abilities, Weirdness & Mutations

You have very sharp teeth.
Your uncanny sense of smell can sniff out nearby items.
Your experience applies equally to all skills.


Message History

You have reached level 5!
Casting: Scorch (safe; 2% risk of failure)
Confirm with . or Enter, or press ? or * to list all spells.
Flames lash the ball python.
You kill the ball python!
The adder closely misses you. The adder bites you.
* * * LOW HITPOINT WARNING * * *
The adder bites you but does no damage.
Casting: Scorch (safe; 2% risk of failure)
Confirm with . or Enter, or press ? or * to list all spells.
Flames lash the adder.
The adder is severely wounded.
The adder's fire resistance burns away.
The adder misses you. The adder bites you but does no damage.
The adder closely misses you. The adder closely misses you.
You see here a river rat corpse.
The adder is no longer more vulnerable to fire.
You see here a river rat corpse.
The adder attacks as you move away! The adder closely misses you.
The adder bites you.
* * * LOW HITPOINT WARNING * * *
You are lethally poisoned!
The adder poisons you! Magic courses through your body.
* * * LOW HITPOINT WARNING * * *
You feel sick. The adder closely misses you.
Casting: Scorch (safe; 2% risk of failure)
Confirm with . or Enter, or press ? or * to list all spells.
Flames lash the adder.
You kill the adder!
* * * LOW HITPOINT WARNING * * *
You feel sick.
* * * LOW HITPOINT WARNING * * *
You feel sick.
It was a potion of brilliance.
You feel clever all of a sudden.
* * * LOW HITPOINT WARNING * * *
You feel sick.
It was a potion of haste.
You feel yourself speed up.
You die...

##### #
##...##
###.##.....##
.≈≈.........#
≈≈........†.#
#.@†††∩#
###.∩### ####
∆ ∆ ∆


There were no monsters in sight!

Vanquished Creatures
  Robin (D:2)
  2 adders
  2 river rats (Sewer)
  3 worms (D:2)
  2 bats
  8 endoplasms
  4 giant cockroaches (D:1)
  4 hobgoblins
  5 jackals
  5 kobolds
  3 quokkas
  7 ball pythons
  7 frilled lizards
  13 goblins
  4 rats
70 creatures vanquished.

Vanquished Creatures (others)
  127 foxfires
127 creatures vanquished.

Grand Total: 197 creatures vanquished

Notes
Turn   | Place    | Note
-------+----------+-------------------------------------------
     0 | D:1      | wilfster70 the Gnoll Fire Elementalist began the quest for
                  | the Orb.
     0 | D:1      | Reached XP level 1. HP: 13/13 MP: 6/6
     7 | D:1      | Identified a scroll of acquirement
     7 | D:1      | Acquired the ring "Fosek" {rF+++ rCorr AC+4 Dex-2 Stlth-}
   139 | D:1      | Reached XP level 2. HP: 15/19 MP: 1/7
   641 | D:1      | Reached XP level 3. HP: 20/25 MP: 9/9
   644 | D:1      | Learned a level 2 spell: Scorch
   723 | D:1      | Reached skill level 5 in Spellcasting
   894 | D:1      | Found Resops's Armour Shop.
   998 | D:1      | Reached skill level 1 in Invocations
  1599 | D:2      | Reached skill level 1 in Fighting
  1599 | D:2      | Reached skill level 1 in Short Blades
  1599 | D:2      | Reached skill level 1 in Long Blades
  1599 | D:2      | Reached skill level 1 in Axes
  1599 | D:2      | Reached skill level 1 in Maces & Flails
  1599 | D:2      | Reached skill level 1 in Polearms
  1599 | D:2      | Reached skill level 1 in Staves
  1599 | D:2      | Reached skill level 1 in Slings
  1599 | D:2      | Reached skill level 1 in Bows
  1599 | D:2      | Reached skill level 1 in Crossbows
  1599 | D:2      | Reached skill level 1 in Throwing
  1599 | D:2      | Reached skill level 1 in Armour
  1599 | D:2      | Reached skill level 1 in Shields
  1599 | D:2      | Reached skill level 1 in Unarmed Combat
  1599 | D:2      | Reached skill level 1 in Evocations
  1599 | D:2      | Reached XP level 4. HP: 32/32 MP: 6/11
  2136 | D:2      | Noticed Robin
  2161 | D:2      | Killed Robin
  2175 | D:2      | Reached skill level 1 in Hexes
  2175 | D:2      | Reached skill level 1 in Summonings
  2175 | D:2      | Reached skill level 1 in Necromancy
  2175 | D:2      | Reached skill level 1 in Translocations
  2175 | D:2      | Reached skill level 1 in Transmutations
  2175 | D:2      | Reached skill level 1 in Ice Magic
  2175 | D:2      | Reached skill level 1 in Air Magic
  2175 | D:2      | Reached skill level 1 in Earth Magic
  2175 | D:2      | Reached skill level 1 in Poison Magic
  2535 | D:3      | Learned a level 4 spell: Sticky Flame
  2587 | D:3      | Found a glowing drain.
  2591 | Sewer    | Entered a sewer
  2614 | Sewer    | Reached XP level 5. HP: 9/37 MP: 3/12
  2625 | Sewer    | HP: 1/37 [poisoned by an adder]
  2626 | Sewer    | Succumbed to an adder's poison

Illustrated notes

Levels and vault maps discovered:
D:1:      kilobyte_arrival_exit_the_forest, layout_loops_ring, serial_shops,
          shop
D:2:      layout_basic, uniq_robin
D:3:      layout_loops_corners, hellmonk_ecumenical_altar_pennies_from_heaven,
          gup_sewer_entry_bowl, chequers_serial_rivers_micro_d,
          minmay_lizard_king, uniq_pargi, uniq_terence
Sewer:    sewer_fruit_machine

Skill      XL: |  1  2  3  4 |
---------------+-------------+-----
Conjurations   | 2 |  2.3
Spellcasting   | 5 |  5.1
Invocations    | 1 |  1.5
Fighting       | 1 |  1.4
Short Blades   | 1 |  1.4
Long Blades    | 1 |  1.4
Axes           | 1 |  1.4
Maces & Flails | 1 |  1.4
Polearms       | 1 |  1.4
Staves         | 1 |  1.4
Slings         | 1 |  1.4
Bows           | 1 |  1.4
Crossbows      | 1 |  1.4
Throwing       | 1 |  1.4
Armour         | 1 |  1.4
Shields        | 1 |  1.4
Unarmed Combat | 1 |  1.4
Evocations     | 1 |  1.4
Hexes          | 1 |  1.1
Summonings     | 1 |  1.1
Necromancy     | 1 |  1.1
Translocations | 1 |  1.1
Transmutations | 1 |  1.1
Ice Magic      | 1 |  1.1
Air Magic      | 1 |  1.1
Earth Magic    | 1 |  1.1
Poison Magic   | 1 |  1.1
Dodging        | |  4.7
Stealth        | |  4.3
Fire Magic     | |  5.5

Action                   |  1- 3 |  4- 6 || total
-------------------------+-------+-------++-------
Melee: Dagger            |    15 |       ||    15
       Spear             |     4 |    13 ||    17
       Bite              |       |     2 ||     2
 Cast: Foxfire           |    50 |    32 ||    82
       Scorch            |     3 |    11 ||    14
  Use: Scroll            |     1 |       ||     1
       Potion            |       |     3 ||     3
 Stab: Sleeping          |     1 |       ||     1
Armor: Robe              |    17 |    19 ||    36
Dodge: Dodged            |    43 |    46 ||    89

Table legend: (Time is in decaauts)
 A = Elapsed time spent in this place.
 B = Non-inter-level travel time spent in this place.
 C = Inter-level travel time spent in this place.
 D = Time resting spent in this place.
 E = Time spent auto-exploring this place.
 F = Levels seen in this place.
 G = Mean time per level.
                   A        B        C        D        E       F      G
               +--------+--------+--------+--------+--------+-----+--------+
         Total |   2638 |   2564 |     74 |    547 |   1211 |   4 |  659.5 |
       Dungeon |   2603 |   2529 |     74 |    547 |   1211 |   3 |  867.7 |
         Sewer |     34 |     34 |      0 |      0 |      0 |   1 |   34.0 |
               +--------+--------+--------+--------+--------+-----+--------+

Top non-repeatable levels by time:
     D:1: 1457 daAuts
     D:2: 1049 daAuts
     D:3: 97 daAuts
   Sewer: 34 daAuts
